 Dungeon Crawl Stone Soup version 0.28.0 (webtiles) character file.

Game seed: 11011148692366960503

770 browni3141 the Chopper (level 7, -8/96 HPs)
             Began as a Minotaur Berserker on Feb 16, 2022.
             Was a Priest of Trog.
             Mangled by a small abomination (11 damage)
             ... on level 3 of the Dungeon.
             The game lasted 00:02:39 (4238 turns).

browni3141 the Chopper (Minotaur Berserker)         Turns: 4238, Time: 00:02:40

Health: -8/96      AC: 23    Str: 23    XL:     7   Next: 52%
Magic:  6/6        EV:  2    Int:  4    God:    Trog [***...]
Gold:   132        SH:  0    Dex: 10    Spells: 6/6 levels left

rFire   . . .      SeeInvis +   w - +0 war axe
rCold   . . .      Faith    .   (no shield)
rNeg    . . .      Spirit   .   (armour currently unavailable)
rPois   +          Reflect  .   (helmet currently unavailable)
rElec   .          Harm     .   (cloak currently unavailable)
rCorr   .          Rampage  .   (gloves currently unavailable)
Will    ++...      NoTele   +   (boots currently unavailable)
Stlth   +.........              (no amulet)
HPRegen 1.26/turn               d - ring of see invisible
MPRegen 0.10/turn               (no ring)

@: tree-form, strong-willed, on berserk cooldown, regenerating, slowed, very
slow
A: stationary, stasis, torment immunity, boosted hp, (horns 2), (retaliatory
headbutt)
a: Renounce Religion, Berserk, Trog's Hand


You were on level 3 of the Dungeon.
You worshipped Trog.
Trog was most pleased with you.
You were a tree.
You visited 1 branch of the dungeon, and saw 4 of its levels.

You collected 132 gold pieces.

Inventory:

Hand Weapons
 a - a +0 hand axe
 w - a +0 war axe (weapon)
Missiles
 o - a datura-tipped dart (quivered)
Armour
 b - a +0 animal skin
 p - a +2 animal skin (melded)
Jewellery
 d - a ring of see invisible (left branch)
Scrolls
 e - 3 scrolls of enchant weapon {unknown}
 g - 2 scrolls of teleportation {unknown}
 h - 2 scrolls of noise {unknown}
 j - a scroll of silence {unknown}
 k - 3 scrolls of holy word {unknown}
 n - a scroll of magic mapping {unknown}
 s - 3 scrolls of identify {unknown}
 t - a scroll of torment {unknown}
Potions
 c - 4 potions of curing {unknown}
 i - a potion of lignification
 l - a potion of cancellation {unknown}
 m - 2 potions of degeneration {unknown}
 q - a potion of invisibility {unknown}
 r - a potion of might {unknown}
 u - a potion of magic {unknown}
 v - a potion of brilliance {unknown}


   Skills:
 + Level 6.8 Fighting
 + Level 6.9 Axes
 + Level 6.3 Armour
 - Level 2.1 Dodging


You had 6 spell levels left.
You didn't know any spells.
Your spell library was empty.

Dungeon Overview and Level Annotations

Branches:
Dungeon (4/15)
 Temple: D:4-7

Altars:
Zin

Shops:
D:4 :

Portals:
Abyss: D:3

Annotations:
D:3 1 transporter


Innate Abilities, Weirdness & Mutations

You are a tree.
Your roots penetrate the ground, keeping you stationary.
You cannot be teleported.
You are immune to unholy pain and torment.
Your maximum health is greatly increased.
Your equipment is partially melded.
((You have a pair of horns on your head.))
((You reflexively headbutt those who attack you in melee.))


Message History

You are no longer berserk.
You are exhausted.
You feel yourself slow down. The small abomination hits you!
* * * LOW HITPOINT WARNING * * *
The small abomination hits you.
* * * LOW HITPOINT WARNING * * *
You see here a book of Displacement.
You are too injured to fight recklessly!
You are too injured to fight recklessly!
You are too injured to fight recklessly!
Unknown command.
Your skin crawls.
You feel strong-willed.
The small abomination closely misses you. x2
Unknown command.
Throw: throwing net
Press: ? - help, Q - select action, (/) - cycle Shift-Dir - straight line, f - small abomination
Aim: a small abomination (59% to hit)
You throw a throwing net.
The throwing net closely misses the small abomination.
The small abomination hits you but does no damage.
The small abomination hits you!
* * * LOW HITPOINT WARNING * * *
Unknown command.
Throw: 2 darts (datura)
Press: ? - help, Q - select action, (/) - cycle Shift-Dir - straight line, f/p - small abomination
Aim: a small abomination (59% to hit, immune)
You throw a datura-tipped dart.
The datura-tipped dart closely misses the small abomination.
The small abomination closely misses you.
You aren't carrying any items that you can evoke.
Okay, then.
Okay, then.
It was a potion of lignification.
You turn into a tree.
Your +2 animal skin melds into your body.
Your roots penetrate the ground.
The small abomination hits you.
* * * LOW HITPOINT WARNING * * *
The small abomination hits you!
You die...

#.......................)#.##..##
#........................#.......
#........##....................##
#......©####....###.....>........
#....####.###..##.#..............
#...##.©.#.:#..#..#:.....)(....<.
#...#.#(.####..##.##....[#.).....
#...##..####...##x.#.............
#....##.∩#....##♣.##....#........
#....###§##©###...##.............
#...##..#.###..!###..............
#...#..^.......)#.....##.........
#...##§#.#...)..##...............
##...##.^##....#.##...##.........
#....#.##.####^#.##........#.#..
#...##^..##..#..#.#...#....#.#..
#...#..###...###©##..##..###.###


You could see a small abomination.

Vanquished Creatures
  The ghost of themarg the Caller, an amateur MfSu (D:3)
  A phantom (D:4)
  A kobold brigand (D:3)
  A water moccasin zombie (D:4)
  A small abomination (D:3)
  A howler monkey (D:4)
  A crimson imp (D:3)
  A gnoll shaman (D:4)
  An orc priest (D:3)
  Terence (D:2)
  2 iguanas (D:4)
  Robin (D:2)
  3 gnolls (D:4)
  6 adders
  An adder skeleton (D:4)
  2 worms
  3 dart slugs
  5 orcs (D:3)
  8 ball pythons
  11 endoplasms
  3 giant cockroaches
  17 hobgoblins
  7 jackals
  9 kobolds
  4 quokkas
  7 bats
  4 frilled lizards
  16 goblins
  9 rats
128 creatures vanquished.

Notes
Turn   | Place    | Note
-------+----------+-------------------------------------------
     0 | D:1      | browni3141 the Minotaur Berserker began the quest for the
                  | Orb.
     0 | D:1      | Reached XP level 1. HP: 19/19 MP: 0/0
   116 | D:1      | Reached XP level 2. HP: 18/27 MP: 1/1
   672 | D:1      | Found a faded altar of an unknown god.
   756 | D:1      | Reached XP level 3. HP: 31/33 MP: 2/2
  1019 | D:2      | Noticed Robin
  1023 | D:2      | Reached ** piety under Trog
  1030 | D:2      | Killed Robin
  1327 | D:2      | Noticed Terence
  1328 | D:2      | Reached XP level 4. HP: 41/41 MP: 3/3
  1334 | D:2      | Killed Terence
  2243 | D:3      | Reached skill level 5 in Axes
  2244 | D:3      | Reached XP level 5. HP: 46/47 MP: 4/4
  2303 | D:3      | Reached skill level 5 in Fighting
  2390 | D:3      | Reached *** piety under Trog
  2678 | D:3      | Found a transporter.
  2687 | D:3      | Found a transporter.
  2687 | D:3      | Noticed a small abomination
  2688 | D:3      | Found a one-way gate to the infinite horrors of the Abyss.
  2688 | D:3      | Noticed themarg's ghost (amateur MfSu)
  2858 | D:4      | Found Ycaeseal's Book Boutique.
  2895 | D:4      | Reached skill level 5 in Armour
  2895 | D:4      | Reached XP level 6. HP: 40/56 MP: 5/5
  3566 | D:4      | Reached XP level 7. HP: 8/63 MP: 6/6
  3917 | D:4      | Found a glowing silver altar of Zin.
  4230 | D:3      | Killed themarg's ghost
  4236 | D:3      | HP: 3/64 [small abomination (11)]
  4238 | D:3      | Mangled by a small abomination

Illustrated notes

Levels and vault maps discovered:
D:1:      amcnicky_arrival_abandoned_market, layout_basic,
          chequers_ecumenical_altar_simple, hangedman_decor_clover_reticule,
          minmay_misc_feat_secret_circle
D:2:      layout_basic, st_stairs_13, solitary_fountain, uniq_robin,
          uniq_terence
D:3:      layout_rooms, gammafunk_ghost_abyssal_escape, grunt_decor_cap,
          minmay_statues_item
D:4:      layout_basic, kennysheep_little_box, serial_shops,
          nicolae_lakefront_shop, minmay_manual_mail

Skill      XL: |  1  2  3  4  5  6  7 |
---------------+----------------------+-----
Axes           | 4 5 6 |  6.9
Fighting       | 4 5 6 |  6.8
Armour         | 3 4 5 6 |  6.3
Dodging        | |  2.1

Action                   |  1- 3 |  4- 6 |  7- 9 || total
-------------------------+-------+-------+-------++-------
Melee: Hand axe          |    77 |   157 |     5 ||   239
       Headbutt          |    10 |    27 |     1 ||    38
       Punch             |     1 |     1 |     1 ||     3
       War axe           |       |       |    14 ||    14
Throw: Dart              |       |       |     1 ||     1
       Throwing net      |       |       |     1 ||     1
Invok: Berserk           |     1 |     3 |     1 ||     5
       Trog's Hand       |       |       |     1 ||     1
  Use: Potion            |       |       |     1 ||     1
 Stab: Sleeping          |     1 |       |       ||     1
Armor: Animal skin       |    14 |    47 |     9 ||    70
Dodge: Dodged            |    66 |   106 |    24 ||   196
